 Dungeon Crawl Stone Soup version 0.17.0-7-gfadd4cc (webtiles) character file.

5900 Ijustatesigmund the Destroyer (level 10, 0/63 HPs)
             Began as an Octopode Conjurer on Nov 8, 2015.
             Was a Follower of Vehumet.
             Slain by a wraith (1 damage)
             ... on level 9 of the Dungeon.
             The game lasted 00:53:28 (12801 turns).

Ijustatesigmund the Destroyer (Octopode Conjurer)  Turns: 12801, Time: 00:53:29

Health: 0/63       AC:  1    Str:  8    XL:     10   Next: 82%
Magic:  2/16       EV: 17    Int: 21    God:    Vehumet [*.....]
Gold:   518        SH:  0    Dex: 15    Spells: 4 memorised, 6 levels left

rFire  . . .     SeeInvis .     n - +1 short sword
rCold  . . .     Clarity  .     (no shield)
rNeg   . . .     SustAt   .     (helmet restricted)
rPois  +         Gourm    .     (no amulet)
rElec  .         Spirit   .     C - +3 ring of dexterity
rCorr  .         Warding  .     G - ring of flight
rMut   .         Stasis   .     H - ring of poison resistance
MR     .....                    h - +3 ring of evasion
Stlth  ++++......               (no ring)
                                (no ring)
                                (no ring)
                                (no ring)

@: slowed, very slow, not resistant to hostile enchantments, stealthy
A: almost no armour, amphibious, 8 rings, constrict 8, camouflage 1, gelatinous
body 1
a: Renounce Religion, Evoke Flight


You were on level 9 of the Dungeon.
You worshipped Vehumet.
Vehumet was aware of your devotion.
You were hungry.

You visited 2 branches of the dungeon, and saw 11 of its levels.
You also visited: Sewer.

You collected 518 gold pieces.

Inventory:

Hand Weapons
 d - a +0 blowgun
 n - a +1 short sword (weapon)
 w - a +3 short sword
 y - a +0 hand crossbow
Missiles
 v - 18 poisoned needles
 z - 9 bolts of flame
Armour
 g - a +0 buckler
Jewellery
 c - an uncursed ring of teleportation
 h - a +3 ring of evasion (on tentacle)
 C - a +3 ring of dexterity (left tentacle)
 G - a ring of flight (right tentacle)
 H - a ring of poison resistance (on tentacle)
Wands
 b - a wand of teleportation (1)
 u - a wand of teleportation (0)
 A - a wand of magic darts (26)
 D - a wand of enslavement (3)
Scrolls
 l - 2 scrolls of noise
 o - a scroll of immolation
 q - 2 scrolls of magic mapping
 t - a scroll of identify
Potions
 f - a potion of mutation
 i - a potion of resistance
 j - 2 potions of brilliance
 k - a potion of agility
 m - 6 potions of curing
 r - a potion of heal wounds
 s - a potion of cure mutation
 x - 5 potions of flight
 B - 2 potions of might
 E - 2 potions of lignification
Books
 a - a book of Conjurations

   Spells                             Type                      Level
   a - Magic Dart                     Conjuration                  1
   b - Searing Ray                    Conjuration                  2
   c - Dazzling Spray                 Conjuration/Hexes            3
   d - Fulminant Prism                Conjuration/Hexes            4
   e - Iskenderun's Mystic Blast      Conjuration                  4
   f - Iskenderun's Battlesphere      Conjuration/Charms           5
 e - a book of Annihilations

   Spells                             Type                      Level
   a - Poison Arrow                   Conjuration/Poison           6
   b - Chain Lightning                Conjuration/Air              8
   c - Lehudib's Crystal Spear        Conjuration/Earth            8
   d - Glaciate                       Conjuration/Ice              9
   e - Fire Storm                     Conjuration/Fire             9
Comestibles
 p - 2 meat rations
 F - a bread ration


   Skills:
 - Level 4.0 Fighting
 + Level 2.4 Short Blades
 - Level 4.6 Dodging
 - Level 5.2 Stealth
 - Level 4.4 Spellcasting
 + Level 9.2 Conjurations
 - Level 6.1 Hexes
 - Level 8.5 Charms


You had 6 spell levels left.
You knew the following spells:

 Your Spells              Type           Power        Failure   Level  Hunger
a - Magic Dart            Conj           ####         1%          1    None
b - Searing Ray           Conj           #####.       1%          2    #......
c - Iskenderun's Battles  Conj/Chrm      #####...     10%         5    ######.
d - Dazzling Spray        Conj/Hex       #####...     1%          3    ##.....


Dungeon Overview and Level Annotations

Branches:
Dungeon (10/15)            Temple (1/1) D:7
   Lair: D:8-11         Orc: D:9-12

Altars:
Ashenzari
Cheibriados
Dithmenos
Fedhas
Gozag
Kikubaaqudgha
Makhleb
Nemelex Xobeh
Okawaru
Qazlal
Ru
Sif Muna
Trog
Vehumet
Xom
Yredelemnul
Zin
The Shining One

Shops:
D:7 [


Innate Abilities, Weirdness & Mutations

You cannot wear most types of armour.
You are amphibious.
You can wear up to eight rings at the same time.
You can use your tentacles to constrict eight enemies at once.
Your skin changes colour to match your surroundings (Stealth).
Your rubbery body absorbs attacks (AC +1).


Message History

The magic dart hits the wraith.
The wraith is almost destroyed.
The wraith closely misses you. The wraith hits you!
* * * LOW HITPOINT WARNING * * *
The wraith drains your vigour!
You feel as though you will be slow longer.
* * * LOW HITPOINT WARNING * * *
Casting: Magic Dart
Confirm with . or Enter, or press ? or * to list all spells.
Aiming: Dazzling Spray
Press: ? - help, Shift-Dir - straight line, f/p - wraith
Aim: a wraith (almost destroyed)
The spray of energy hits the wraith.
The wraith is almost destroyed.
You are feeling hungry.
The wraith hits you!
* * * LOW HITPOINT WARNING * * *
The wraith drains your vigour!
You feel as though you will be slow longer.
You die...

###
####.....
#@.......
#W##.#.##
#.# #.#
#.. ###


You could see a wraith.

Vanquished Creatures
  The ghost of Britaniac the Ducker, a novice NaFi (D:5)
  A kobold demonologist (Sewer)
  Grinder (Sewer)
  A deep elf mage (D:7)
  A shadow (D:8)
  2 hungry ghosts
  Grum (D:9)
  Menkaure (D:6)
  A wolf (D:9)
  5 orc warriors
  Duvessa (D:7)
  2 phantoms
  2 sky beasts
  5 ogres
  A black bear (D:8)
  5 centaurs
  2 big kobolds (Sewer)
  4 giant frogs
  Dowan (D:7)
  A scorpion (D:6)
  A water moccasin zombie (D:5)
  2 wights (D:6)
  10 killer bees
  A crimson imp (D:6)
  A quasit (D:8)
  2 giant frog zombies
  Crazy Yiuf (D:5)
  6 hounds
  5 orc wizards
  A centaur skeleton (D:8)
  3 iguanas
  3 orc priests
  3 worker ants
  A big kobold zombie (Sewer)
  3 hound zombies
  3 hound skeletons (D:4)
  A worker ant zombie (D:8)
  5 gnolls (D:10)
  13 adders
  8 shadow imps
  2 ufetubi (Sewer)
  2 oozes
  An adder skeleton (D:8)
  A worm (D:3)
  6 giant geckos
  24 orcs
  7 giant cockroaches
  11 goblins
  10 hobgoblins
  4 jackals (D:6)
  16 bats
  A giant gecko zombie (D:6)
  6 giant newts
  19 kobolds
  5 quokkas
  A quokka zombie (D:7)
  10 rats
238 creatures vanquished.

Vanquished Creatures (others)
  A big kobold zombie (Sewer)
  An ooze (Sewer)
  An adder zombie (Sewer)
  An orc (D:8)
  A giant cockroach (Sewer)
  A giant cockroach zombie (Sewer)
  A kobold zombie (Sewer)
7 creatures vanquished.

Grand Total: 245 creatures vanquished

Notes
Turn   | Place    | Note
--------------------------------------------------------------
     0 | D:1      | Ijustatesigmund the Octopode Conjurer began the quest for the Orb.
     0 | D:1      | Reached XP level 1. HP: 11/11 MP: 3/3
   152 | D:1      | Reached XP level 2. HP: 17/17 MP: 1/5
   156 | D:1      | Learned a level 2 spell: Searing Ray
   424 | D:1      | Reached XP level 3. HP: 21/21 MP: 1/6
   487 | D:1      | Reached skill level 5 in Conjurations
  1288 | D:2      | Reached skill level 1 in Short Blades
  1412 | D:2      | Found a blossoming altar of Fedhas.
  1615 | D:2      | Reached XP level 4. HP: 27/27 MP: 4/7
  2148 | D:3      | Reached XP level 5. HP: 18/31 MP: 1/8
  2281 | D:3      | Learned a level 5 spell: Iskenderun's Battlesphere
  2445 | D:3      | Reached skill level 1 in Charms
  3170 | D:4      | Found a shimmering altar of Xom.
  3404 | D:4      | Reached XP level 6. HP: 36/36 MP: 2/9
  3411 | D:4      | Found a glowing drain.
  3417 | Sewer    | Entered a sewer
  3722 | Sewer    | Noticed an apprentice kobold demonologist
  3958 | Sewer    | Killed an apprentice kobold demonologist
  3958 | Sewer    | Reached skill level 6 in Conjurations
  3958 | Sewer    | Reached XP level 7. HP: 38/41 MP: 0/10
  4200 | Sewer    | Found a burning altar of Makhleb.
  4363 | Sewer    | Noticed Grinder
  4367 | Sewer    | Reached skill level 5 in Charms
  4852 | Sewer    | Killed Grinder
  4852 | Sewer    | Reached skill level 7 in Conjurations
  4852 | Sewer    | Reached XP level 8. HP: 46/46 MP: 2/11
  5318 | D:4      | Found a glowing silver altar of Zin.
  5334 | D:4      | Noticed an ogre
  5340 | D:4      | Killed an ogre
  5646 | D:4      | Noticed an ogre
  5705 | D:4      | Killed an ogre
  6008 | D:5      | Entered Level 5 of the Dungeon
  6008 | D:5      | Noticed Britaniac's ghost (novice NaFi)
  6521 | D:6      | Reached skill level 8 in Conjurations
  6650 | D:6      | Found a shadowy altar of Dithmenos.
  6673 | D:6      | Learned a level 3 spell: Dazzling Spray
  6754 | D:6      | Noticed Menkaure
  6761 | D:6      | Killed Menkaure
  6761 | D:6      | Reached XP level 9. HP: 51/51 MP: 5/13
  7972 | D:5      | Killed Britaniac's ghost
  7972 | D:5      | Reached skill level 9 in Conjurations
  8049 | D:5      | Noticed Crazy Yiuf
  8053 | D:5      | Killed Crazy Yiuf
  8146 | D:5      | Reached skill level 1 in Hexes
  8316 | D:6      | Reached skill level 1 in Fighting
  8599 | D:7      | Noticed Duvessa
  8608 | D:7      | Noticed Dowan
  8609 | D:7      | Killed Duvessa
  8612 | D:7      | Killed Dowan
  8760 | D:7      | Found an opulent altar of Gozag.
  9091 | D:7      | Reached skill level 5 in Stealth
  9091 | D:7      | Reached XP level 10. HP: 59/61 MP: 8/16
  9101 | D:7      | Found a staircase to the Ecumenical Temple.
  9256 | Temple   | Entered the Ecumenical Temple
  9335 | Temple   | Became a worshipper of Vehumet
  9658 | D:7      | Found Pogruq's Antique Armour Shop.
 10019 | D:6      | Found a sacrificial altar of Ru.
 10848 | D:8      | Found a snail-covered altar of Cheibriados.
 11314 | D:9      | Reached skill level 5 in Hexes
 11563 | D:8      | Reached * piety under Vehumet
 11563 | D:8      | Offered knowledge of Shock by Vehumet.
 12288 | D:9      | Noticed Grum
 12292 | D:9      | Killed Grum
 12539 | D:10     | Entered Level 10 of the Dungeon
 12648 | D:10     | Noticed a hill giant
 12801 | D:9      | HP: 1/63 [wraith (8)]
 12801 | D:9      | Slain by a wraith

Action                   |  1- 3 |  4- 6 |  7- 9 | 10-12 || total
-------------------------+-------+-------+-------+-------++-------
Melee: Unarmed           |     1 |       |       |       ||     1
       Dagger            |    20 |       |       |       ||    20
       Short sword       |       |    21 |    16 |    35 ||    72
Throw: Throwing net      |       |       |       |     1 ||     1
 Cast: Magic Dart        |    57 |   109 |   249 |   159 ||   574
       Searing Ray       |       |     7 |     9 |     5 ||    21
       Iskenderun's Batt |       |       |    20 |    18 ||    38
       Dazzling Spray    |       |       |       |    17 ||    17
Evoke: Wand              |       |       |     3 |     9 ||    12
  Use: Scroll            |     6 |    12 |     8 |     4 ||    30
       Potion            |       |       |     8 |     4 ||    12
 Stab: Sleeping          |     3 |     3 |     1 |     1 ||     8
       Invisible         |       |       |       |     3 ||     3
  Eat: Chunk             |     1 |     3 |    10 |    10 ||    24
       Bread ration      |     1 |     1 |     2 |     1 ||     5
       Fruit             |       |     1 |       |       ||     1
       Meat ration       |       |       |     1 |     1 ||     2
